[Event "EU-ch 12th"]
[Site "Aix les Bains"]
[Date "2011.04.02"]
[Round "11"]
[White "Vitiugov, Nikita"]
[Black "Feller, Sebastien"]
[Result "1/2-1/2"]
[ECO "D19"]
[WhiteElo "2720"]
[BlackElo "2657"]
[Annotator "Marchand,A/Primel,D"]
[PlyCount "100"]
[EventDate "2011.03.22"]
[EventType "swiss"]
[EventRounds "11"]
[EventCountry "FRA"]
[SourceTitle "CBM 142 Extra"]
[Source "ChessBase"]
[SourceDate "2011.06.27"]
[SourceVersion "1"]
[SourceVersionDate "2011.06.27"]
[SourceQuality "1"]
[TimeControl "40/5400+30:1800+30"]

1. d4 d5 2. c4 c6 3. Nf3 Nf6 4. Nc3 dxc4 5. a4 Bf5 6. e3 (6. Ne5) 6... e6 7.
Bxc4 Bb4 8. O-O Nbd7 (8... O-O 9. Nh4 (9. Qe2 Bg4 10. h3 Bh5 11. g4 Bg6 12. Ne5
Nbd7 13. Nxg6 hxg6 14. Rd1 Qe7 15. Qc2 Rfd8 {Taimanov,M-Smyslov,
V Gagra training 1953 (11) 0-1} (15... c5 $5 ))) 9. Qe2 (9. Nh4 Bg6 10. h3 Bh5 11. g4 g5 $5 12. Ng2 Bg6 13. f3 {Le Quang,
L (2693)-Ivanchuk,V (2769) Amsterdam ACP Golden Classic 2012 (2) 0-1} (13. f4
$5 gxf4 (13... h6 $5 14. f5 exf5 15. gxf5 Bh7 16. Qb3 Qb6 $13 {Ivanchuk}))) (9.
Qb3 ) 9... Bg4 (9... O-O {La grande ligne} 10. e4 Bg6 11. Bd3 Bh5
) 10. h3 (10. Rd1 ) 10... Bxf3 (10... Bh5 11. Rd1 O-O 12. e4 Qe7
13. e5 Nd5 14. Ne4 h6 15. Ng3 Bg6) 11. Qxf3 O-O 12. Rd1 Rc8 (12... e5 13. d5
$14 ) 13. Qe2 {Une ligne secondaire} (13. e4 {La grande ligne} e5
14. d5 (14. Be3 Qa5 15. Qf5 exd4 16. Qxa5 Bxa5 17. Bxd4 Rfe8 18. f3 a6 {
Leko,P (2741)-Gelfand,B (2734) Moscow Tal Memorial 1st 2006 (4) 1-0} (18... Bb6
$5 {Vigorito})) 14... cxd5 15. Bxd5 Bxc3 16. bxc3 Nxd5 17. Rxd5 Qc7 18. Qg3 Nb6
19. Rxe5 f6 20. Rb5 Qxg3 21. fxg3 Rf7 22. Bf4 g5 23. Be3 Rxc3 24. Bf2 Rc4 25.
Ra5 Nc8 26. e5 b6 27. Rd5 fxe5 {Aronian,L (2805)-Wang Hao (2731)/Wijk aan Zee
2011/CBM 141/1/2-1/2 (51)}) 13... Qe7 $146 (13... Qa5 14. Na2 Be7 15. Bd2 Qc7
16. b4 e5 17. Nc1 Nb6 18. Bb3 e4 19. Qe1 Nbd5 20. Ne2 Bd6 21. Rdc1 Qd7 22. Rab1
a6 23. Ba2 h5 24. Ng3 h4 25. Nf1 Rfe8 26. Qe2 b5 27. Be1 Qe7 28. f4 {
Ljubojevic,L (2570)-Bareev,E (2729)/Monte Carlo 2003/CBM 093 ext/0-1 (49)}) 14.
Bd2 (14. a5 $5 ) 14... e5 15. dxe5 Nxe5 16. Bb3 Rfd8 $11 {Malgré
la paire de B, les Blancs n'ont pas obtenu grand-chose de l'ouverture} 17. Be1
a5 18. Rd4 Bc5 19. Rxd8+ Rxd8 20. Na2 b6 21. Rd1 Rxd1 22. Qxd1 Qd6 23. Qxd6
Bxd6 24. Bc2 Nd5 $1 {Les N occupent des positions centeales et ils sont au
moins aussi forts que la paire de B} 25. b3 {[%csl Rc3] L'affaiblissement de
la case "c3" va jouer un rôle important dans la finale} Nd7 26. Kf1 Nb4 (26...
Kf8) 27. Bf5 Nf6 28. Nxb4 Bxb4 29. Bxb4 axb4 30. Ke2 Kf8 31. Kd3 g6 32. Bg4 Ke7
33. Kc4 c5 34. f4 (34. Kb5 Nd5 35. a5 Nc3+ 36. Kxb6 c4 $1 37. a6
cxb3 38. a7 b2 39. a8=Q b1=Q) 34... Ne4 35. Kb5 Nc3+ $1 36. Kc4 $8 (36. Kxb6 $2
c4 ) 36... Ne4 37. Kd3 Nf2+ 38. Ke2 Ne4 39. Bf3 Nc3+ 40. Kd3 Kd6
41. g4 f6 42. h4 h6 43. Bb7 g5 $11 44. hxg5 hxg5 45. Ba6 Ke7 46. Bb7 Nd1 47.
Bf3 Nc3 48. Bb7 Ke6 49. Bc8+ Kd6 50. Ba6 Ke7 1/2-1/2

[Event "Metz op 31th"]
[Site "Metz"]
[Date "2013.04.21"]
[Round "2"]
[White "Wirig, Anthony"]
[Black "Svetushkin, Dmitry"]
[Result "1-0"]
[ECO "D19"]
[WhiteElo "2481"]
[BlackElo "2588"]
[Annotator "Metz Alekhine/Primel,D"]
[PlyCount "103"]
[EventDate "2013.04.20"]
[EventType "swiss"]
[EventRounds "9"]
[EventCountry "FRA"]
[SourceTitle "EXT 2016"]
[Source "ChessBase"]
[SourceDate "2015.10.08"]
[SourceVersion "1"]
[SourceVersionDate "2015.10.08"]
[SourceQuality "1"]
[TimeControl "40/5400:1800+30"]
[WhiteClock "1:30:00"]
[BlackClock "1:30:00"]

1. d4 d5 2. c4 c6 3. Nf3 Nf6 4. Nc3 dxc4 5. a4 Bf5 6. e3 e6 7. Bxc4 Bb4 8. O-O
O-O 9. Qe2 Bg4 (9... Nbd7) 10. h3 Bh5 11. Rd1 Nbd7 12. e4 h6 $5
{Une ligne secondaire mais utilisée plusieurs fois par le moldave et le
français devait s'y être préparé} (12... Qe7) (12... Qa5) 13. Bf4 (13. e5
Nd5 {Nyback,T (2644)-Svetushkin,D (2593) FRA-chT Top 16 GpB 2009 (1) 0-1}) (13.
Na2 Ba5 14. Bf4 Bc7 15. Qe3 Bxf4 $11 {Kallai,G (2462)-Svetushkin,D (2593)
FRA-chT Top 16 GpB 2009 (2) 0-1}) 13... Re8 {Le moldave avait gagné sa partie
et il répète les coups mais au risque d'une amélioration adverse} 14. g4 $1
$146 (14. Qe3 $6 Nd5 $1 $132 {[%cal Ge8e3,Gd5f4,Gd5e3,Ge6d5];Kallai,G (2462)
-Svetushkin,D (2593) FRA-chT Top 16 GpB 2009 (2) 0-1}) 14... Bg6 15. Bd3 (15.
Ne5 Nxe5 16. dxe5 Nd7 17. Rd6 $5 Bxd6 18. exd6) 15... Rc8 (15...
Qe7) 16. Rac1 $14 {Les Blancs gardent un petit avantage d'espace et un centre
fort} a6 $6 {Un coup pas trés utile mais les Noirs doivent se libérer par le
levier c6c5} 17. Kg2 Ba5 18. Nb1 $5 Bc7 19. e5 Nd5 20. Bg3 Bxd3
21. Qxd3 c5 22. dxc5 Bb8 23. c6 $1 Nf8 24. Nc3 Rxc6 25. Nxd5 Qxd5
26. Qxd5 exd5 27. Rxc6 bxc6 28. Rc1 $36 (28. Nd4 $5 Bxe5 29. Re1 f6 30. f4 c5
31. Nf5 $40) 28... Rc8 29. Nd4 c5 30. Nf5 Rd8 $2 {Surestimant la force du P
passé} (30... Ng6 $142 31. f4 Kf8 32. h4 Ba7 (32... Ke8 33. h5 Ne7) 33. h5 (33. Kf3)
33... Ne7 34. Bf2) 31. Rxc5 d4 32. Rd5 $1 {La pointe oubliée par les Noirs
lorsqu'ils ont sacrifié le Pc5} Rxd5 33. Ne7+ {Il y a non seulement une
fourchette mais le Kh7 sera également mal placé en finale} Kh7 34. Nxd5 Nd7
35. Nb4 (35. f4 g5 (35... Kg6 $4 36. f5+ Kh7 37. e6)) 35... Bxe5 36. Bxe5 Nxe5
37. f4 (37. Nxa6 $142 {[%csl Ga4] En finale de N, le P"a" est le pire ennemi
du N}) 37... Nc4 {(=)} 38. Nd3 {Les Blancs ont un gros avantage et refuser la
proposition n'est pas une surprise} a5 39. Kf3 (39. b4 $2 axb4 40. Nxb4 Nb2 41.
a5 d3) 39... Nd2+ 40. Ke2 Nb3 41. Kd1 h5 42. Kc2 Na1+ 43. Kb1 Nb3 44. Ka2 {
[%csl Ga2,Rh7] Gagnant un tempo important sur le N pour venir soutenir la
poussée b4} Nd2 45. b4 $1 axb4 46. Nxb4 hxg4 47. hxg4 Nc4 48. Nd3
$18 Kg6 49. Kb3 Ne3 50. a5 Kf6 51. Nb4 Ke6 52. a6
1-0

[Event "Shenzhen FIDE GP (Women)"]
[Site "Shenzhen"]
[Date "2011.09.09"]
[Round "3"]
[White "Cmilyte, Viktorija"]
[Black "Danielian, Elina"]
[Result "1-0"]
[ECO "D19"]
[WhiteElo "2525"]
[BlackElo "2517"]
[Annotator "Mikhalchishin,A"]
[PlyCount "59"]
[EventDate "2011.09.07"]
[EventType "tourn"]
[EventRounds "11"]
[EventCountry "CHN"]
[EventCategory "10"]
[SourceTitle "CBM 145"]
[Source "ChessBase"]
[SourceDate "2011.11.11"]
[SourceVersion "1"]
[SourceVersionDate "2011.11.11"]
[SourceQuality "1"]
[TimeControl "5400"]
[WhiteClock "0:00:03"]
[BlackClock "0:00:00"]

1. d4 d5 2. c4 c6 3. Nf3 Nf6 4. Nc3 dxc4 5. a4 Bf5 6. e3 e6 7. Bxc4 Bb4 8. O-O
O-O 9. Qe2 Nbd7 10. e4 Bg6 11. Bd3 c5 12. e5 ({A serious alternative is} 12.
Na2 a5 ({The retreat} 12... Ba5 {is much weaker:} 13. Bg5 Qb8 (13... Bc7 14.
Rfd1 Qb8 15. Bxf6 Nxf6 16. dxc5 Nd7 17. b4 a5 18. Bc2 Ne5 19. h3 Nxf3+ 20. Qxf3
axb4 21. Nxb4 Ra5 22. Rab1 Qa8 23. Qe3 Qa7 24. Nd3 Bd8 25. Rb5 Rxb5 26. axb5
Be7 27. Qd4 Rd8 28. Qc4 h6 29. c6 bxc6 30. bxc6 Bh4 31. Rb1 Rc8 32. Rb7 Qa1+
33. Kh2 Qf1 34. Rb1 Qe2 35. c7 Bxf2 36. Rb8 Bxe4 37. Rxc8+ Kh7 38. Qxe4+ Qxe4
39. Nb4 {1-0 Lalic,B (2470)-Straka,J (2305)/Sunningdale 2011}) 14. Bxf6 gxf6
15. Bb5 Rd8 16. Bxd7 Rxd7 17. dxc5 Qf4 18. Qb5 Bxe4 19. Qxd7 Rd8 20. Qb5 Bxf3
21. gxf3 Qxf3 22. Qxa5 Qg4+ 23. Kh1 Qf3+ 24. Kg1 Qg4+ 25. Kh1 Qf3+ 26. Kg1 Qg4+
{1/2 Li Chao2 (2669)-Akopian,V (2667)/Ningbo CHN 2011}) 13. Nxb4 axb4 14. e5 (
14. Bg5 $142) 14... Nd5 15. Bb5 h6 (15... Bh5) 16. Rd1 Qe7 17. Bd2 Rfc8 18.
dxc5 Nxc5 19. Nd4 Qh4 20. Be1 Nf4 21. Qe3 Qg5 22. g3 Nh3+ 23. Kf1 Qxe3 24. fxe3
f6 {1/2 Bhat,V (2495)-Dutta,J (2300)/New Delhi IND 2009}) 12... cxd4 ({There
are two different options which lead to simpler positions for Black:} 12...
Bxc3 13. bxc3 Nd5 14. Bxg6 fxg6 15. Ng5 Qe7 16. Ne4 Nf4 17. Qg4 h5 18. Qf3 g5
19. Nd6 cxd4 20. cxd4 Nb6 21. Ba3 g4 22. Qxb7 Qxb7 23. Nxb7 Ne2+ 24. Kh1 Rfb8
25. Nc5 Nxd4 26. Bb2 Nc2 27. Rac1 Nb4 28. a5 N6d5 29. Ba3 Re8 {Black can hold
without serious problems,1/2 Irizanin,R (2260)-Zivkovic,M (2151)/Vrnjacka
Banja 2006}) (12... Nd5 13. Nxd5 exd5 14. Bxg6 hxg6 15. Ng5 Re8 16. Qf3 Qe7 17.
Qxd5 cxd4 18. e6 fxe6 19. Qxd4 a5 20. Be3 Nf6 21. Qd3 Red8 22. Qxg6 Rd5 23.
Rac1 Qe8 24. Qxe8+ Rxe8 25. Rc4 b5 26. axb5 Rxb5 27. Rfc1 Rbb8 28. R1c2 e5 29.
f3 Nd5 {and it is not so easy to defend Black's position with such weak pawns,
1/2 Majka,B (2241)-Yarmolyuk,Y (2225)/corr 9LvivChessClub t-144L 1997}) 13.
exf6 ({A very interesting option here is} 13. Na2 Nd5 14. Bxg6 hxg6 15. Nxb4
Nxb4 16. Ng5 (16. Bg5 Qb6 17. Be7 Rfe8 (17... Rfc8 18. Qe4 Nd5 19. Ba3 Qd8 20.
Qxd4 a6 21. Bd6 Rc2 22. Qg4 Rac8 23. Nd4 Rd2 24. Rad1 N7f6 25. Nxe6 Nxg4 26.
Nxd8 Rxd1 27. Rxd1 Rxd8 28. Rxd5 Nxe5 29. Rxe5 ({Simpler is to hold the other
ending} 29. Rd4 Nc6 30. Rd2) 29... Rxd6 30. Re8+ Kh7 31. g3 Rb6 {and White has
to fight seriously for a draw in this endgame, 0-1 Shchekachev,A (2546)
-Kazhgaleyev,M (2643)/Cappelle la Grande 2010}) 18. Bd6 a5 19. Qe4 Nc6 20. Ra3
f6 21. exf6 Nxf6 22. Qxg6 Ne7 23. Bxe7 Rxe7 24. Ne5 Qc5 25. Re1 Rc8 26. g4 Qc2
27. g5 Nd5 28. Qh5 Nf4 29. Qh4 Rf8 30. Rf3 Qd2 31. Kf1 Qxe1+ 32. Kxe1 Ng2+ 33.
Kf1 Nxh4 34. Rh3 Rf5 {0-1 Olivier,J (2363)-Adda,O (2190)/Grenoble FRA 2007})
16... Qc7 17. Bd2 Nd5 18. Rfe1 Qc2 19. Rad1 Rfe8 20. Qg4 Nf8 21. Qf3 Qf5 22.
Qg3 Qc2 23. Qf3 Qf5 24. Qg3 Qc2 25. Qf3 Qf5 {1/2 Chuchelov,V (2571)-Krivoshey,
S (2499)/Porz GER 2004}) 13... dxc3 14. fxg7 ({The immediate exchange of
bishops is possible and leads to unclear positions} 14. Bxg6 hxg6 15. Qb5 (15.
fxg7 Re8 16. Rd1 Qe7 17. bxc3 Bxc3 18. Bg5 f6 19. Rac1 Rac8 20. Qb5 Nb6 21.
Rxc3 Rxc3 22. Bxf6 Qxf6 23. Qxe8+ Kxg7 24. Re1 Rc6 25. a5 Nd5 26. Qd7+ Qe7 27.
Qxd5 {1-0 Knoll,H (2365)-Rieger,R (2150)/Linz AUT 2011}) 15... Bd6 16. fxg7
Kxg7 17. bxc3 Qc7 18. c4 Rh8 19. Bb2+ f6 20. g3 Rh5 21. Qb3 Rah8 22. Rad1 Nc5
23. Qe3 e5 24. Ba3 b6 25. Rd5 Qd7 26. Rfd1 Rxh2 27. Nxh2 Qh3 28. Rxd6 Qxh2+ 29.
Kf1 Qh3+ 30. Ke2 Qg4+ 31. Qf3 Qxc4+ 32. Ke1 {1-0 Raeva,E (2238)-Galunova,T 
(1984)/Dupnitsa BUL 2010}) 14... Kxg7 15. Rd1 (15. Bxg6 hxg6 16. bxc3 Bxc3 17.
Ra3 Bf6 18. Qd2 Qe7 19. Rd3 Nc5 (19... Rfd8 $142 {but White has some
compensation for the pawn.}) 20. Qh6+ Kg8 21. Ng5 Rfd8 22. Qh7+ Kf8 23. Rf3 e5
24. Ba3 b6 25. Ne4 Bg7 26. Qxg6 Kg8 27. Qg4 Rac8 28. Ng5 Qd7 29. Qh5 f6 30.
Qh7+ Kf8 31. Qg6 Rc6 32. Bxc5+ bxc5 33. Nh7+ {with a decisive attack,1-0
Kovalenko,S (2140)-Mischenko,D (2070)/UCCF 2005}) 15... Qc7 16. Bxg6 (16. bxc3
Bxc3 17. Bb2 Bxb2 18. Qxb2+ Kg8 19. Rac1 Nc5 20. Ne5 Nxd3 21. Rxd3 Qa5 22. Nxg6
hxg6 23. Rh3 e5 24. Rhc3 Rad8 25. Qb3 Rd4 26. Rc4 Rfd8 27. g3 Rxc4 28. Qxc4 b6
{with a clear advantage to Black, 0-1 Roktim,B (2396)-Nadig,K (2213)/Mumbai
IND 2008}) 16... hxg6 17. Rd4 $1 (17. Qb5 {is weaker:} Bd6 18. bxc3 (18. Qd3 c2
19. Rd2 Ne5 20. Qxd6 Qxd6 21. Rxd6 Rfd8 22. Nxe5 Rxd6 23. Kf1 Rd1+ 24. Ke2 g5 {
and White has some problems in the endgame with his opponent's c2-pawn. 1-0
Comas Fabrego,L (2508)-Alvarez Pedraza,A (2551)/Sabadell ESP 2011}) 18... Ne5
19. Nxe5 Bxe5 20. g3 Rfd8 21. Be3 a6 22. Qb6 Qxc3 23. Qxb7 Qc2 24. Rdc1 Qd3 25.
Rd1 Qc3 {1/2 Izoria,Z (2593)-Handke,F (2461)/Barcelona ESP 2004}) ({An
interesting thing happened after the capture} 17. bxc3 Be7 ({Principial try
would be} 17... Bxc3) 18. Be3 Bf6 19. a5 Ne5 20. Bd4 {Black is in no way worse,
1/2 Campos Moreno,J (2443)-Pitl,G (2332)/Banyoles ESP 2005}) 17... Bd6 ({
The other way} 17... Be7 {looks slightly preferable:} 18. Bf4 cxb2 19. Qxb2 e5
20. Rc1 Qb6 21. Rxd7 Qxb2 22. Bxe5+ Qxe5 23. Nxe5 Bf6 24. Ng4 (24. f4) 24...
Rac8 25. Rb1 Rc4 26. Nxf6 Kxf6 27. Rdxb7 (27. g3) 27... Rxa4 {and Black saved
the endgame.} 28. g3 {1/2 Sandipan,C (2640)-Vallejo Pons,F (2703)/King of
Prussia USA 2010}) 18. Qd1 ({Another possible try is} 18. Rc4 Qa5 19. Rxc3 Rac8
20. Bd2 Bb4 21. Rd3 Nf6 22. Be3 Bc5 23. Bd2 Bb4 24. Be3 Bc5 25. Bg5 Rfd8 26.
Rb3 Qa6 27. Bxf6+ Kxf6 28. Rb5 $2 (28. Qe5+ Ke7 29. Qg7 Rg8 30. Qh6 {The black
king would be in constant trouble.}) 28... Rd5 29. h4 Kg7 30. Qe1 Qd6 31. Rc1
Rc7 $2 ({winning was} 31... a6 32. Rxb7 Bb4) 32. Qf1 Qf4 {with advantage to
Black, 0-1 Melkumyan,H (2617)-Petrosian,T (2604)/Yerevan 2011}) 18... Rfd8 $2 (
18... c2 $1 19. Qd2 Kg8 $13) 19. Rxd6 c2 {Here Cmilyte had just 8 minutes and
had to be very precise.} 20. Qd2 (20. Qd3 {was wrong:} Ne5 21. Rxd8 Rxd8 $17) (
{or even worse} 20. Qd4+ Nf6 21. Bf4 Rxd6 22. Qxd6 Qxd6 23. Bxd6 Rd8 $19) 20...
Kg8 ({A different knight retreat did not work either:} 20... Nf6 21. Qh6+ Kg8
22. Bg5 Rac8 (22... Qxd6 23. Bxf6 Qd1+ 24. Ne1) 23. Rc1 Ng4 24. Rxd8+ Rxd8 25.
Bxd8 Qxd8 26. Qd2) (20... Ne5 21. Qh6+ Kg8 22. Bg5 (22. Rd2 {is also possible})
22... Rdc8 23. Rd4 {and Black's resources are out.}) 21. Rd3 $1 {A very exact
move, stopping all tactical tricks.} Nf6 22. Raa3 $1 {White brings the last
major piece into action in a very decisive way.} Ne4 23. Qe2 Nc5 ({It was
possible to continue a bit longer} 23... f5 24. Nd2 Qf4 25. g3) 24. Qxc2 Qb6
25. Rxd8+ Rxd8 26. h4 Qd6 27. Be3 Nd3 28. Bg5 Nb4 29. Qd2 Qxd2 {The immediate
capture is possible and leads to very unclear positions.} 30. Bxd2 1-0

[Event "NED-ch"]
[Site "Amsterdam"]
[Date "2015.07.12"]
[Round "7"]
[White "Ernst, Sipke"]
[Black "Van Wely, Loek"]
[Result "1-0"]
[ECO "D19"]
[WhiteElo "2545"]
[BlackElo "2647"]
[Annotator "Schulz,Andre"]
[PlyCount "91"]
[EventDate "2015.07.05"]
[EventType "tourn"]
[EventRounds "7"]
[EventCountry "NED"]
[EventCategory "15"]
[SourceTitle "CBM 168"]
[Source "ChessBase"]
[SourceDate "2015.09.14"]
[SourceVersion "1"]
[SourceVersionDate "2015.09.14"]
[SourceQuality "1"]
[TimeControl "6000+1375"]
[WhiteClock "0:12:35"]
[BlackClock "0:11:46"]

1. d4 d5 2. c4 c6 3. Nf3 Nf6 4. Nc3 dxc4 5. a4 Bf5 6. e3 e6 7. Bxc4 Bb4 8. O-O
O-O 9. Qe2 Bg6 10. Ne5 Nbd7 11. Rd1 Nxe5 12. dxe5 Nd7 13. f4 Qe7 14. Na2 Nb6
15. Nxb4 Qxb4 16. b3 Nxc4 17. Qxc4 c5 18. Ba3 Qxc4 19. bxc4 Rfc8 20. Rd6 h5 21.
Ra2 Be4 22. Kf2 Bc6 23. Bxc5 Be8 24. Bd4 Rxc4 25. a5 Bc6 26. Kg3 Bd5 27. Rb2
Ra4 {Der Verlust des a-Bauern würde Schwarz zwei Freibauern am Damenflügel
einbringen, also:} 28. Rxd5 exd5 29. Rxb7 Rxa5 30. e6 f6 31. Kh4 Ra2 32. Bb2
Ra6 33. Kxh5 Rb6 34. Rxb6 axb6 35. Kg6 b5 36. g4 b4 37. h4 b3 {Diagramm [#]}
38. g5 $2 (38. f5 $11) 38... fxg5 $2 (38... Kf8 {gewinnt:} 39. gxf6 gxf6 40.
Bxf6 (40. h5 Ra2 41. h6 Rxb2 42. h7 Rh2 $19) 40... Ra2 41. h5 Rg2+ (41... b2 $2
42. Bxb2 Rxb2 43. h6 Ke7 44. h7 Rg2+ 45. Kh6 Rh2+ 46. Kg7 $11) 42. Kf5 b2 43.
Bxb2 Rxb2 44. Ke5 Re2 45. f5 Rxe3+ 46. Kxd5 Ke7 47. h6 Rh3 $19) 39. hxg5 Ra6 $2
{Nun gewinnt Weiß sogar noch.} (39... Ra2 40. f5 (40. e7 $2 Ra6+ 41. Kf5 g6+
42. Ke5 Kf7 $19) 40... Kf8 (40... Rxb2 $2 41. e7 $18) 41. Bxg7+ Ke7 42. Bf6+
Ke8 43. Bc3 b2 44. Bxb2 Rxb2 45. f6 Kf8 46. e7+ Ke8 47. Kg7 Rf2 48. g6 Rf1 49.
f7+ Kxe7 50. Kh8 Rh1+ 51. Kg7 Rf1 $11) 40. f5 Rb6 (40... Kf8 41. Bxg7+ Ke7 42.
Bf6+ Ke8 43. Bd4 Ke7 44. Kg7 $18) 41. Bxg7 Ra6 42. Bd4 Kf8 43. Kh7 Ke7 44. g6
Ra4 45. g7 Rxd4 46. exd4 1-0